AoeStats
← noAim - R3adMyProfile :)

Fortress

509179841Analyzed
2v2 RM · 7d ago on Sep 25, 2026· 51m 24s· 4 players
Game mode
Random Map
Map size
Normal (6 player)
Population
200
Speed
Normal
Resources
Standard
Victory
Conquest
Starting age
Dark Age
Ending age
Imperial Age
RankedLock teamsTeams togetherTeam positionsShared explorationLock speedFull tech treeHidden civsTurbo modeCheats
Victory
Defeat
🇨🇱 Lithuanians · Chile
1054
+17
🇨🇱 Vikings · Chile
1029
+17
1072
-17
🇩🇪 Teutons · Germany
1072
-17
Chaac97
0:36 Loom
8:32 Feudal Age
11:55 Castle Age
9:52 Double-Bit Axe
11:00 Horse Collar
16:39 Wheelbarrow
18:10 Bow Saw
18:02 Heavy Plow
18:49 Hand Cart
18:23 Town Watch
21:50 Town Patrol
25:56 Imperial Age
24:40 Scale Barding Armor
25:12 Husbandry
25:23 Bloodlines
25:26 Forging
26:07 Chain Barding Armor
26:59 Conscription
26:52 Elite Skirmisher
27:29 Fletching
28:16 Iron Casting
29:51 Plate Barding Armor
31:30 Ballistics
32:11 Chemistry
31:39 Bodkin Arrow
31:46 Heavy Cavalry Archer
38:56 Bracer
38:57 Gold Mining
38:57 Stone Mining
46:17 Two-Man Saw
48:14 Padded Archer Armor
48:04 Elite Leitis
Perey
7:40 Feudal Age
8:44 Loom
12:00 Castle Age
10:20 Double-Bit Axe
11:10 Horse Collar
12:49 Gold Mining
13:24 Bow Saw
13:03 Town Watch
15:23 Scale Mail Armor
16:09 Squires
16:10 Arson
16:40 Forging
16:49 Heavy Plow
19:00 Town Patrol
23:10 Gold Shaft Mining
26:08 Imperial Age
24:03 Chain Mail Armor
24:23 Iron Casting
26:23 Iron Casting
26:54 Elite Varangian Guard
26:56 Capped Ram
29:45 Conscription
31:44 Blast Furnace
31:15 Plate Mail Armor
31:23 Fletching
33:39 Chieftains
33:29 Siege Ram
35:27 Pikeman
39:34 Bodkin Arrow
39:40 Padded Archer Armor
40:22 Caravan
48:02 Chemistry
46:27 Elite Skirmisher
48:04 Bracer
48:20 Leather Archer Armor
noAim - R3adMyProfile :)
7:22 Feudal Age
5:38 Loom
7:50 Horse Collar
7:58 Double-Bit Axe
8:07 Gold Mining
8:08 Stone Mining
9:07 Wheelbarrow
8:19 Town Watch
17:59 Castle Age
19:33 Hand Cart
19:23 Heavy Plow
20:00 Stone Shaft Mining
19:38 Bow Saw
19:44 Fletching
19:55 Padded Archer Armor
20:17 Town Patrol
22:34 Fortified Wall
22:47 Ballistics
27:05 Bodkin Arrow
26:55 Treadmill Crane
32:38 Leather Archer Armor
32:29 Scale Barding Armor
32:33 Thumb Ring
32:29 Murder Holes
35:31 Bloodlines
41:15 Husbandry
40:36 Light Cavalry
41:56 Caravan
42:27 Coinage
45:23 Imperial Age
46:45 Banking
46:26 Guilds
48:46 Hoardings
48:33 Paper Money
48:56 Hoardings
50:17 Bracer
50:47 Ring Archer Armor
50:38 Chain Barding Armor
50:30 Forging
n0A1m - ReadMyProfile :)
8:29 Feudal Age
11:59 Castle Age
10:16 Horse Collar
10:29 Double-Bit Axe
13:22 Bow Saw
16:36 Wheelbarrow
16:25 Heavy Plow
17:32 Hand Cart
17:47 Gold Mining
19:32 Loom
19:34 Town Watch
23:17 Imperial Age
22:18 Squires
22:29 Scale Barding Armor
22:34 Forging
24:21 Conscription
24:27 Forging
27:29 Guilds
26:54 Cavalier
29:10 Two-Man Saw
28:42 Crop Rotation
29:37 Chemistry
28:44 Siege Engineers
29:28 Bloodlines
29:41 Chain Barding Armor
29:28 Scale Mail Armor
29:38 Caravan
31:15 Plate Barding Armor
31:13 Stone Mining
30:56 Paladin
32:17 Iron Casting
31:36 Fletching
32:02 Chain Mail Armor
33:49 Fortified Wall
34:00 Ballistics
33:50 Masonry
36:51 Coinage
39:59 Crenellations
40:01 Ironclad
40:17 Hoardings
39:07 Pikeman
39:33 Arson
41:00 Heavy Scorpion
48:49 Blast Furnace
48:19 Plate Mail Armor
48:36 Plate Mail Armor
48:03 Bodkin Arrow
48:08 Padded Archer Armor
49:29 Elite Teutonic Knight
Connection lost

Rejoining the realm…

Still unreachable

The connection could not be restored.

Session expired

The server has moved on; the page needs a fresh start.